 Dungeon Crawl Stone Soup version 0.28-a0-407-g69098e2f6d (webtiles) character file.

Game seed: 1546476134052133830

30 bearlyready the Slasher (level 3, -4/52 HPs)
             Began as a Gnoll Cinder Acolyte on Sept 5, 2021.
             Was a High Priest of Ignis.
             Frozen to death by an endoplasm (5 damage)
             ... on level 3 of the Dungeon.
             The game lasted 00:02:00 (1805 turns).

bearlyready the Slasher (Gnoll Cinder Acolyte)      Turns: 1805, Time: 00:02:00

Health: -4/52      AC: 21    Str: 14    XL:     3   Next: 20%
Magic:  7/7        EV:  2    Int: 13    God:    Ignis [*****.]
Gold:   113        SH:  0    Dex:  7    Spells: 7/7 levels left

rFire   + . .      SeeInvis .   a - -1 falchion (flame)
rCold   . . .      Faith    .   (no shield)
rNeg    + + +      Spirit   .   (armour currently unavailable)
rPois   +          Reflect  .   (helmet currently unavailable)
rElec   .          Harm     .   (cloak currently unavailable)
rCorr   .          Rampage  .   (gloves currently unavailable)
Will    .....      NoTele   +   (boots currently unavailable)
Stlth   +.........              (no amulet)
HPRegen 0.17/turn               (no ring)
MPRegen 0.10/turn               (no ring)

@: brilliant, tree-form
A: stationary, stasis, torment immunity, boosted hp, (fangs 1), strong nose,
distributed training
a: Renounce Religion, Sea of Fire, Foxfire Swarm, Rising Flame


You were on level 3 of the Dungeon.
You worshipped Ignis.
Ignis was extremely pleased with you.
You were a tree.
You visited 1 branch of the dungeon, and saw 3 of its levels.

You collected 113 gold pieces.

Inventory:

Hand Weapons
 a - a -1 falchion of flaming (weapon)
Missiles
 g - 52 stones
Armour
 b - a +0 robe (melded)
Jewellery
 e - a ring of wizardry
 i - an amulet of the acrobat
Scrolls
 c - 2 scrolls of identify {unknown}
 f - a scroll of enchant weapon {unknown}
 j - a scroll of blinking {unknown}
 l - a scroll of amnesia {unknown}
Potions
 k - a potion of degeneration {unknown}


   Skills:
 + Level 6.5 Fighting
 + Level 0.6 Short Blades
 + Level 6.5 Long Blades
 + Level 0.6 Axes
 + Level 0.6 Maces & Flails
 + Level 0.6 Polearms
 + Level 0.6 Staves
 + Level 0.6 Slings
 + Level 0.6 Bows
 + Level 0.6 Crossbows
 + Level 0.6 Throwing
 + Level 0.6 Armour
 + Level 0.6 Dodging
 + Level 0.6 Stealth
 + Level 0.6 Shields
 + Level 0.6 Unarmed Combat
 + Level 2.8 Spellcasting
 + Level 0.4 Conjurations
 + Level 0.4 Hexes
 + Level 0.4 Summonings
 + Level 0.4 Necromancy
 + Level 0.4 Translocations
 + Level 0.4 Transmutations
 + Level 5.4 Fire Magic
 + Level 0.4 Ice Magic
 + Level 0.4 Air Magic
 + Level 0.4 Earth Magic
 + Level 0.4 Poison Magic
 + Level 0.8 Invocations
 + Level 0.6 Evocations


You had 7 spell levels left.
You didn't know any spells.
Your spell library contained the following spells:

 Spells                   Type           Power      Damage    Failure   Level
 Scorch                   Fire           46%        2d7       3%          2
 Portal Projectile        Hex/Tloc       8%         N/A       50%         3
 Animate Armour           Summ/Erth      8%         N/A       88%         4
 Blade Hands              Tmut           2%         N/A       99%         5
 Excruciating Wounds      Necr           2%         N/A       99%         5
 Iron Shot                Conj/Erth      2%         9d2       100%        6


Dungeon Overview and Level Annotations

Branches:
Dungeon (3/15)

Altars:


Innate Abilities, Weirdness & Mutations

You are a tree.
Your roots penetrate the ground, keeping you stationary.
You cannot be teleported.
You are immune to unholy pain and torment.
Your maximum health is greatly increased.
Your equipment is partially melded.
((You have very sharp teeth.))
Your uncanny sense of smell can sniff out nearby items.
Your experience applies equally to all skills.


Message History

You hit the black bear but do no damage.
The black bear completely misses you. The black bear claws you. x2
You barely miss the black bear. The black bear barely misses you.
The black bear claws you.
The black bear claws you but does no damage.
The endoplasm closely misses you.
You hit the black bear. You burn the black bear.
The black bear is moderately wounded.
The black bear barely misses you. The black bear claws you. x2
You slash the black bear! You burn the black bear.
The black bear is severely wounded.
The black bear bites you. The black bear claws you. x2
You hit the black bear but do no damage.
The black bear is severely wounded.
The black bear barely misses you. The black bear claws you. x2
* * * LOW HITPOINT WARNING * * *
There is an open door here.
You aren't carrying any items that you can evoke.
Unknown command.
Okay, then.
There is a large open door here.
The black bear bites you.
* * * LOW HITPOINT WARNING * * *
The black bear claws you but does no damage.
The black bear claws you.
* * * LOW HITPOINT WARNING * * *
It was a potion of brilliance.
You feel clever all of a sudden.
The black bear bites you but does no damage.
The black bear claws you.
* * * LOW HITPOINT WARNING * * *
The black bear claws you.
* * * LOW HITPOINT WARNING * * *
It was a potion of lignification.
You turn into a tree.
Your +0 robe melds into your body.
Your roots penetrate the ground.
The black bear bites you but does no damage.
The black bear claws you but does no damage. x2
The endoplasm freezes you.
You are frozen.
You die...

##.....# #.# .......# #.#
####..### #.# #..#
########.# . ##.#
#........###### ..
##.###..K#######...# ...
#.>....#....###..#g#
....####......##....#..##.#
.......#.....♣###...g.###.#
#.....#....Jh#.##...##.#.#
#......#.#.#g+⌠.##.##.⌠'.#
#......#.#.#.#...#+#..K#.#
#......#.#..K##...+...##.#
#......#.###..##....g##.##
#.#......# #...##.⌠.##..#
.. ###..#####.#.g##J##..##
. .............#'#..##


You could see a black bear, an endoplasm, a hobgoblin and a kobold.

Vanquished Creatures
  An adder (D:2)
  3 bats (D:1)
  3 endoplasms
  2 giant cockroaches (D:1)
  A goblin (D:2)
  2 hobgoblins
  2 kobolds
  A quokka (D:1)
  A ball python (D:1)
  2 frilled lizards
  3 rats
21 creatures vanquished.

Notes
Turn   | Place    | Note
-------+----------+-------------------------------------------
     0 | D:1      | bearlyready the Gnoll Cinder Acolyte began the quest for
                  | the Orb.
     0 | D:1      | Reached XP level 1. HP: 23/23 MP: 4/4
   115 | D:1      | Found a faded altar of an unknown god.
   252 | D:1      | You fall into a shaft and drop 1 floor!
   260 | D:2      | Reached XP level 2. HP: 14/29 MP: 5/5
  1004 | D:2      | Reached XP level 3. HP: 35/35 MP: 7/7
  1757 | D:3      | Noticed a black bear
  1804 | D:3      | HP: 1/35 [black bear (2)]
  1805 | D:3      | Frozen to death by an endoplasm

Illustrated notes

Levels and vault maps discovered:
D:1:      ebering_trefoil_twist, layout_rooms, ebering_ecumenical_altar_ruins,
          serial_curves, eino_curves_02, eino_curves_03,
          amcnicky_mini_pool_small, chequers_serial_rivers_micro_d,
          chequers_serial_rivers_micro_e
D:2:      layout_basic
D:3:      layout_basic, ebering_ghost_rock_garden, minivault_4,
          grunt_decor_arrowhead, amcnicky_mini_corridor_feature, uniq_sigmund,
          uniq_robin, uniq_ijyb, uniq_jessica

Action                   || total
-------------------------++-------
Melee: Falchion          ||    66
       Bite              ||     1
  Use: Potion            ||     2
 Stab: Sleeping          ||     1
Armor: Robe              ||    22
       Skin              ||     3
Dodge: Dodged            ||    53

Table legend: (Time is in decaauts)
 A = Elapsed time spent in this place.
 B = Non-inter-level travel time spent in this place.
 C = Inter-level travel time spent in this place.
 D = Time resting spent in this place.
 E = Time spent auto-exploring this place.
 F = Levels seen in this place.
 G = Mean time per level.
                   A        B        C        D        E       F      G
               +--------+--------+--------+--------+--------+-----+--------+
         Total |   1804 |   1752 |     52 |    188 |   1297 |   3 |  601.3 |
       Dungeon |   1804 |   1752 |     52 |    188 |   1297 |   3 |  601.3 |
               +--------+--------+--------+--------+--------+-----+--------+

Top non-repeatable levels by time:
     D:2: 926 daAuts
     D:1: 746 daAuts
     D:3: 131 daAuts
